 Dungeon Crawl Stone Soup version 0.29-a0-878-g7b45a56547 (webtiles) character file.

Game seed: 3179895770703732415

656 Nato the Conjurer (level 7, -1/41 HPs)
             Began as an Octopode Conjurer on July 20, 2022.
             Was a Follower of Vehumet.
             Slain by a black bear (12 damage)
             ... on level 4 of the Dungeon.
             The game lasted 00:24:39 (8388 turns).

Nato the Conjurer (Octopode Conjurer)               Turns: 8388, Time: 00:24:40

Health: -1/41      AC:  1    Str:  6    XL:     7   Next: 55%
Magic:  10/14      EV: 17    Int: 23    God:    Vehumet [*.....]
Gold:   319        SH:  0    Dex: 16    Spells: 15/16 levels left

rFire   . . .      SeeInvis .   b - +2 whip (elec)
rCold   . . .      Faith    .   (no shield)
rNeg    . . .      Spirit   .   (helmet restricted)
rPois   .          Reflect  .   (no amulet)
rElec   .          Harm     .   g - +6 ring of dexterity
rCorr   +          Rampage  .   n - +4 ring of evasion
Will    +....                   u - ring of willpower
Stlth   +++.......              w - ring of resist corrosion
HPRegen 0.13/turn               (no ring)
MPRegen 0.14/turn               (no ring)
                                (no ring)
                                (no ring)

@: no status effects
A: almost no armour, amphibious, 8 rings, camouflage 1, gelatinous body 1,
(nimble swimmer 1), tentacles
a: Renounce Religion


You were on level 4 of the Dungeon.
You worshipped Vehumet.
Vehumet was aware of your devotion.
You visited 2 branches of the dungeon, and saw 6 of its levels.

You collected 319 gold pieces.

Inventory:

Hand Weapons
 b - a +2 whip of electrocution (weapon)
 v - a +1 dagger of freezing
Missiles
 p - 3 javelins (quivered)
 r - 6 poisoned darts
 A - 2 throwing nets
Jewellery
 d - a ring of ice
 g - a +6 ring of dexterity (left tentacle)
 n - a +4 ring of evasion (right tentacle)
 u - a ring of willpower (on tentacle)
 w - a ring of resist corrosion (on tentacle)
Wands
 h - a wand of mindburst (11)
 x - a wand of flame (16)
Scrolls
 c - a scroll of vulnerability {unknown}
 e - a scroll of fear {unknown}
 f - 2 scrolls of fog
 i - a scroll of blinking {unknown}
 l - 3 scrolls of teleportation {unknown}
 m - a scroll of silence {unknown}
 o - a scroll of noise {unknown}
 t - 2 scrolls of amnesia {unknown}
 y - a scroll of immolation {unknown}
 B - a scroll of poison {unknown}
Potions
 a - a potion of magic
 j - a potion of brilliance
 k - 3 potions of attraction
 q - a potion of curing
 s - 2 potions of cancellation
 z - 3 potions of lignification {unknown}


   Skills:
 - Level 2.2 Dodging
 - Level 3.1 Stealth
 - Level 5.0 Spellcasting
 + Level 7.2 Conjurations


You had 15 spell levels left.
You knew the following spells:

 Your Spells              Type           Power      Damage    Failure   Level
a - Magic Dart            Conj           100%       1d8       1%          1

Your spell library contained the following spells:

 Spells                   Type           Power      Damage    Failure   Level
 Foxfire                  Conj/Fire      88%        2x1d8     2%          1
 Searing Ray              Conj           78%        2d7       1%          2
 Dazzling Flash           Conj/Hex       44%        N/A       6%          3
 Stone Arrow              Conj/Erth      44%        3d9       6%          3
 Apportation              Tloc           10%        N/A       10%         1
 Necrotise                Necr           20%        1d5       10%         1
 Sandblast                Erth           10%        2d5       10%         1
 Summon Small Mammal      Summ           20%        N/A       10%         1
 Passwall                 Tmut/Erth      4%         N/A       14%         2
 Sublimation of Blood     Necr           5%         N/A       14%         2
 Fulminant Prism          Conj/Hex       11%        3d9       22%         4
 Iskenderun's Mystic Bla  Conj/Tloc      22%        2d6       22%         4
 Irradiate                Conj/Tmut      11%        3d15      52%         5
 Petrify                  Tmut/Erth      5%         N/A       67%         4


Dungeon Overview and Level Annotations

Branches:
Dungeon (5/15)             Temple (1/1) D:5

Altars:
Cheibriados
Fedhas
Hepliaklqana
Okawaru
Qazlal
Ru
Sif Muna
Uskayaw
Vehumet
Wu Jian
Xom
Yredelemnul
Zin
The Shining One

Annotations:
D:4 Pikel


Innate Abilities, Weirdness & Mutations

You cannot wear most types of armour.
You are amphibious.
You can wear up to eight rings at the same time.
Your skin changes colour to match your surroundings (Stealth+).
Your rubbery body absorbs attacks. (AC +1, EV +1)
((You are camouflaged when in or above water. (Stealth+)))
You have tentacles for arms and can constrict up to eight enemies at once.


Message History

Press: ? - help, Shift-Dir - straight line, f - black bear
Aim: a black bear (100% to hit)
The magic dart hits the black bear.
The black bear is moderately wounded.
The black bear bites you. The black bear misses you. The black bear claws you.
Unknown command.
Casting: Magic Dart (safe; 1% risk of failure)
Confirm with . or Enter, or press ? or * to list all spells.
Aiming: Magic Dart (safe; 1% risk of failure)
Press: ? - help, Shift-Dir - straight line, f/p - black bear
Aim: a black bear (moderately wounded, 100% to hit)
The magic dart hits the black bear!
The black bear is heavily wounded.
The black bear barely misses you. The black bear closely misses you.
The black bear claws you.
Casting: Magic Dart (safe; 1% risk of failure)
Confirm with . or Enter, or press ? or * to list all spells.
Aiming: Magic Dart (safe; 1% risk of failure)
Press: ? - help, Shift-Dir - straight line, f/p - black bear
Aim: a black bear (heavily wounded, 100% to hit)
The magic dart hits the black bear.
The black bear is severely wounded.
The black bear goes berserk!
Unknown command.
Casting: Magic Dart (safe; 1% risk of failure)
Confirm with . or Enter, or press ? or * to list all spells.
Aiming: Magic Dart (safe; 1% risk of failure)
Press: ? - help, Shift-Dir - straight line, f/p - black bear
Aim: a black bear (severely wounded, berserk, 100% to hit)
The magic dart hits the black bear.
The black bear is severely wounded.
The black bear bites you!
* * * LOW HITPOINT WARNING * * *
The black bear barely misses you. The black bear claws you.
* * * LOW HITPOINT WARNING * * *
Aiming: Mindburst
Press: ? - help, Shift-Dir - straight line, f/p - black bear
Aim: a black bear (severely wounded, berserk, chance to affect: 64%)
The black bear struggles to resist.
The black bear bites you!
You die...

#................#######..
#...............###.##...#
#...............# #..#....
#.<.............# #..#....
#.......).......###..#...)
######..###...............
#..# #.).............
#####..###...............
#.......@h.[().)..#...#.#
#.......##........#...#.#
#.......##...............
#######.######....#.....#
#.# #.#..#...... #.#
###...##...... #.#
#...####...... #.# #...#
#####.. #.# #...# #..


You could see a black bear (berserk).

Vanquished Creatures
  A black bear (D:4)
  An ogre (D:5)
  A lemure (D:4)
  A kobold brigand (D:4)
  A howler monkey (D:4)
  An orc priest (D:5)
  2 hounds (D:4)
  An iguana (D:3)
  Robin (D:4)
  8 gnolls
  6 adders
  A worm (D:2)
  3 dart slugs
  5 orcs
  6 ball pythons
  10 endoplasms
  7 giant cockroaches
  9 goblins
  8 hobgoblins
  14 jackals
  10 kobolds
  A quokka (D:3)
  5 bats
  5 frilled lizards
  7 rats
115 creatures vanquished.

Vanquished Creatures (others)
  19 plants
19 creatures vanquished.

Grand Total: 134 creatures vanquished

Notes
Turn   | Place    | Note
-------+----------+-------------------------------------------
     0 | D:1      | Nato the Octopode Conjurer began the quest for the Orb.
     0 | D:1      | Reached XP level 1. HP: 11/11 MP: 3/3
   289 | D:2      | Reached XP level 2. HP: 4/17 MP: 0/5
   725 | D:2      | Reached XP level 3. HP: 19/21 MP: 0/7
   926 | D:2      | Found a faded altar of an unknown god.
  1985 | D:1      | Reached XP level 4. HP: 27/27 MP: 4/9
  3222 | D:3      | Reached XP level 5. HP: 31/31 MP: 6/11
  4126 | D:4      | Reached skill level 5 in Spellcasting
  4777 | D:4      | Reached XP level 6. HP: 36/36 MP: 10/13
  4816 | D:4      | Noticed Pikel
  4926 | D:5      | Entered Level 5 of the Dungeon
  5122 | D:5      | Found a staircase to the Ecumenical Temple.
  5131 | Temple   | Entered the Ecumenical Temple
  5652 | Temple   | Became a worshipper of Vehumet
  5935 | D:5      | Reached skill level 5 in Conjurations
  6224 | D:5      | Noticed a black bear
  6323 | D:4      | Noticed Robin
  6328 | D:4      | Killed Robin
  6606 | D:4      | Noticed a black bear
  6775 | D:4      | Reached * piety under Vehumet
  6775 | D:4      | Offered knowledge of Foxfire by Vehumet.
  6990 | D:4      | Reached skill level 6 in Conjurations
  7004 | D:4      | Reached XP level 7. HP: 35/41 MP: 1/14
  7655 | D:4      | Reached skill level 7 in Conjurations
  8388 | D:4      | Slain by a black bear

Illustrated notes

Levels and vault maps discovered:
D:1:      tarquinn_simple_flora_water_d, layout_basic, minmay_misc_feat_alley,
          minmay_cut_off
D:2:      layout_basic, shapermc_ecumenical_altar_flowoftime
D:3:      layout_basic
D:4:      layout_rooms, lexackson_kobold_supper, uniq_robin, uniq_pikel
D:5:      layout_basic, minmay_temple_entry_overgrown
Temple:   eino_temple_water

Skill      XL: |  1  2  3  4  5  6  7 |
---------------+----------------------+-----
Stealth        | 3 |  3.1
Spellcasting   | 3 4 5 |  5.0
Conjurations   | 6 7 |  7.2
Dodging        | |  2.2

Action                   |  1- 3 |  4- 6 |  7- 9 || total
-------------------------+-------+-------+-------++-------
Melee: Unarmed           |     4 |       |       ||     4
       Constrict         |     1 |     8 |       ||     9
       Tentacles         |     1 |     7 |       ||     8
       Dagger            |     1 |    21 |       ||    22
       Whip              |       |     6 |     1 ||     7
Throw: Dart              |       |     6 |       ||     6
       Javelin           |       |     4 |       ||     4
 Cast: Magic Dart        |    64 |   183 |    41 ||   288
Evoke: Wand              |       |       |     3 ||     3
  Use: Potion            |     1 |       |       ||     1
       Scroll            |       |     4 |       ||     4
Armor: Skin              |     1 |     3 |       ||     4
Dodge: Dodged            |     4 |    49 |    42 ||    95

Table legend: (Time is in decaauts)
 A = Elapsed time spent in this place.
 B = Non-inter-level travel time spent in this place.
 C = Inter-level travel time spent in this place.
 D = Time resting spent in this place.
 E = Time spent auto-exploring this place.
 F = Levels seen in this place.
 G = Mean time per level.
                   A        B        C        D        E       F      G
               +--------+--------+--------+--------+--------+-----+--------+
         Total |   8394 |   7780 |    614 |   2711 |   3728 |   6 | 1399.0 |
       Dungeon |   7856 |   7350 |    506 |   2711 |   3316 |   5 | 1571.2 |
        Temple |    537 |    429 |    108 |      0 |    412 |   1 |  537.0 |
               +--------+--------+--------+--------+--------+-----+--------+

Top non-repeatable levels by time:
     D:3: 2215 daAuts
     D:4: 1810 daAuts
     D:2: 1714 daAuts
     D:5: 1184 daAuts
     D:1: 932 daAuts
  Temple: 537 daAuts
